 Dungeon Crawl Stone Soup version 0.29-a0-398-ge13fd1374b (webtiles) character file.

Game seed: 4969090374805648192

226 thiscave3701365 the Chopper (level 5, -5/72 HPs)
             Began as a Minotaur Berserker on May 12, 2022.
             Was a Believer of Trog.
             Slain by an ice beast (11 damage)
             ... on level 3 of the Dungeon.
             The game lasted 00:01:36 (4081 turns).

thiscave3701365 the Chopper (Minotaur Berserker)    Turns: 4081, Time: 00:01:37

Health: -5/72      AC:  2    Str: 24    XL:     5   Next: 69%
Magic:  4/4        EV: 12    Int:  4    God:    Trog [**....]
Gold:   129        SH:  0    Dex:  9    Spells: 4/4 levels left

rFire   . . .      SeeInvis +   a - +0 hand axe
rCold   . . .      Faith    .   (no shield)
rNeg    . . .      Spirit   .   b - +0 animal skin
rPois   .          Reflect  .   (helmet restricted)
rElec   .          Harm     .   (no cloak)
rCorr   .          Rampage  .   (no gloves)
Will    .....                   (no boots)
Stlth   ..........              (no amulet)
HPRegen 0.22/turn               f - ring of see invisible
MPRegen 0.09/turn               i - ring of flight

@: berserking, flying, very quick
A: horns 2, retaliatory headbutt
a: Renounce Religion, Berserk, Trog's Hand


You were on level 3 of the Dungeon.
You worshipped Trog.
Trog was pleased with you.
You visited 1 branch of the dungeon, and saw 3 of its levels.

You collected 129 gold pieces.

Inventory:

Hand Weapons
 a - a +0 hand axe (weapon)
Armour
 b - a +0 animal skin (worn)
Jewellery
 f - a ring of see invisible (left hand)
 i - a ring of flight (right hand)
Scrolls
 c - a scroll of poison {unknown}
 d - 2 scrolls of identify {unknown}
 k - 2 scrolls of enchant armour {unknown}
 o - a scroll of teleportation {unknown}
 q - a scroll of amnesia {unknown}
 r - a scroll of noise {unknown}
 s - 2 scrolls of vulnerability {unknown}
Potions
 e - 3 potions of curing {unknown}
 g - a potion of lignification {unknown}
 h - a potion of berserk rage {unknown}
 j - 2 potions of mutation {unknown}
 l - a potion of brilliance {unknown}
 m - 2 potions of might {unknown}
 n - 2 potions of flight {unknown}
 p - a potion of heal wounds {unknown}


   Skills:
 + Level 5.1 Fighting
 + Level 6.0 Axes
 + Level 2.6 Armour
 + Level 3.0 Dodging
 + Level 1.2 Stealth


You had 4 spell levels left.
You didn't know any spells.
Your spell library was empty.

Dungeon Overview and Level Annotations

Branches:
Dungeon (3/15)

Altars:


Innate Abilities, Weirdness & Mutations

You have a pair of horns on your head.
You reflexively headbutt those who attack you in melee.


Message History

An adder comes into view.
An adder is nearby!
An adder is nearby!
You closely miss the adder. The adder bites you but does no damage.
An adder is nearby!
You slash the adder!
You kill the adder!
Trog accepts your kill.
You see here an adder corpse.
A kobold and an ice beast come into view.
The kobold shouts!
You closely miss the ice beast. You headbutt the ice beast!
The ice beast is heavily wounded.
The ice beast hits you. The ice beast freezes you!
There are monsters nearby!
You closely miss the ice beast.
The ice beast is heavily wounded.
The ice beast hits you. The ice beast freezes you!
There are monsters nearby!
You hit the ice beast but do no damage.
The ice beast is heavily wounded.
The ice beast barely misses you.
There are monsters nearby!
You closely miss the ice beast. Your headbutt misses the ice beast.
The ice beast is heavily wounded.
The ice beast hits you. The ice beast freezes you!
* * * LOW HITPOINT WARNING * * *
Unknown command.
A red film seems to cover your vision as you go berserk!
You feel yourself moving faster!
You feel mighty! The ice beast hits you.
* * * LOW HITPOINT WARNING * * *
The ice beast freezes you!
* * * LOW HITPOINT WARNING * * *
You slash the ice beast!
The ice beast is severely wounded.
A rat comes into view.
The ice beast hits you.
* * * LOW HITPOINT WARNING * * *
The ice beast freezes you!
You die...

##.## ##.#.##
####.###.## ######
#...## ##.#
.....######.##.###.##
##.#..†.....###.#.##
#.....####### ##.##
##...## #.# ##.## #@#
#.# #..KY....# #.#
#r###.##.# #+# #.. #
##. .# .# ..


You could see an ice beast, a kobold and a rat (wandering).

Vanquished Creatures
  A black bear (D:3)
  An orc wizard (D:3)
  Robin (D:3)
  4 adders
  4 dart slugs
  4 orcs (D:3)
  3 bats
  3 endoplasms
  3 giant cockroaches
  7 goblins
  3 hobgoblins (D:3)
  5 kobolds
  5 quokkas
  4 ball pythons
  2 frilled lizards (D:3)
  7 rats
57 creatures vanquished.

Notes
Turn   | Place    | Note
-------+----------+-------------------------------------------
     0 | D:1      | thiscave3701365 the Minotaur Berserker began the quest for
                  | the Orb.
     0 | D:1      | Reached XP level 1. HP: 19/19 MP: 0/0
   177 | D:1      | Found a faded altar of an unknown god.
   324 | D:1      | Reached skill level 4 in Axes
   465 | D:1      | Reached XP level 2. HP: 25/27 MP: 1/1
  1328 | D:2      | Reached XP level 3. HP: 23/33 MP: 2/2
  1599 | D:2      | Reached ** piety under Trog
  1939 | D:3      | Reached skill level 5 in Axes
  1939 | D:3      | Reached XP level 4. HP: 41/41 MP: 3/3
  2971 | D:3      | Noticed Robin
  2982 | D:3      | Killed Robin
  3544 | D:3      | Noticed a black bear
  3552 | D:3      | Killed a black bear
  3553 | D:3      | Reached skill level 5 in Fighting
  3553 | D:3      | Reached skill level 6 in Axes
  3553 | D:3      | Reached skill level 1 in Stealth
  3553 | D:3      | Reached XP level 5. HP: 23/48 MP: 4/4
  4075 | D:3      | Noticed an ice beast
  4081 | D:3      | Slain by an ice beast

Illustrated notes

Levels and vault maps discovered:
D:1:      dpeg_cavernosity, layout_loops_ring, shapermc_ecumenical_altar_pompeii
D:2:      layout_basic, chequers_serial_rivers_micro_b, minmay_pentomino_v4
D:3:      layout_loops_corners, uniq_robin

Skill      XL: |  1  2  3  4 |
---------------+-------------+-----
Axes           | 4 5 6 |  6.0
Fighting       | 4 5 |  5.1
Dodging        | 3 |  3.0
Stealth        | 1 |  1.2
Armour         | |  2.6

Action                   |  1- 3 |  4- 6 || total
-------------------------+-------+-------++-------
Melee: Hand axe          |    67 |    53 ||   120
       Headbutt          |     6 |     5 ||    11
Invok: Berserk           |       |     4 ||     4
 Stab: Sleeping          |       |     2 ||     2
Armor: Animal skin       |    12 |     3 ||    15
Dodge: Dodged            |    47 |    23 ||    70

Table legend: (Time is in decaauts)
 A = Elapsed time spent in this place.
 B = Non-inter-level travel time spent in this place.
 C = Inter-level travel time spent in this place.
 D = Time resting spent in this place.
 E = Time spent auto-exploring this place.
 F = Levels seen in this place.
 G = Mean time per level.
                   A        B        C        D        E       F      G
               +--------+--------+--------+--------+--------+-----+--------+
         Total |   4110 |   4029 |     81 |   1250 |   2463 |   3 | 1370.0 |
       Dungeon |   4110 |   4029 |     81 |   1250 |   2463 |   3 | 1370.0 |
               +--------+--------+--------+--------+--------+-----+--------+

Top non-repeatable levels by time:
     D:3: 2305 daAuts
     D:1: 1097 daAuts
     D:2: 707 daAuts
